Construct Section Command Post
Selects Canadian Shock Battlegroup
Selects Canadian Shock Battlegroup
Construct Section Command Post
Construct Platoon Command Post
Selects Incendiary Munitions
Unlock Bishop Self-propelled Artillery
Bishop Self-propelled Artillery
6-pounder Anti-tank Gun Team
Selects Canadian Shock Section
Construct Company Command Post
Bishop Self-propelled Artillery
Selects Demolition Engineering
Construct Company Command Post